 Dungeon Crawl Stone Soup version 0.28.0-45-g0d030f2227 (webtiles) character file.

Game seed: 15593946784034245309

13 suvakkihuora the Skirmisher (level 2, 19/19 HPs)
             Began as a Tengu Fighter on Apr 16, 2022.
             Was a Follower of Sif Muna.
             Quit the game on level 1 of the Dungeon.
             The game lasted 00:01:16 (826 turns).

suvakkihuora the Skirmisher (Tengu Fighter)          Turns: 826, Time: 00:01:17

Health: 19/19      AC:  6    Str: 16    XL:     2   Next: 37%
Magic:  3/3        EV:  8    Int:  8    God:    Sif Muna [*.....]
Gold:   15         SH:  4    Dex: 13    Spells: 1/1 levels left

rFire   . . .      SeeInvis .   a - +0 rapier
rCold   . . .      Faith    +   c - +0 buckler
rNeg    . . .      Spirit   .   b - +0 scale mail
rPois   .          Reflect  .   (helmet restricted)
rElec   .          Harm     .   (no cloak)
rCorr   .          Rampage  .   (no gloves)
Will    .....                   (boots unavailable)
Stlth   ..........              j - amulet of faith
HPRegen 0.06/turn               (no ring)
MPRegen 0.08/turn               (no ring)

@: no status effects
A: beak, talons 3
a: Renounce Religion, Channel Magic


You were on level 1 of the Dungeon.
You worshipped Sif Muna.
Sif Muna was aware of your devotion.
You visited 1 branch of the dungeon, and saw 1 of its levels.

You collected 15 gold pieces.

Inventory:

Hand Weapons
 a - a +0 rapier (weapon)
Armour
 b - a +0 scale mail (worn)
 c - a +0 buckler (worn)
Jewellery
 j - an amulet of faith (around neck)
Scrolls
 f - 3 scrolls of noise {unknown}
 i - 2 scrolls of teleportation {unknown}
Potions
 d - a potion of might
 e - a potion of lignification {unknown}
 g - a potion of brilliance {unknown}
 h - a potion of curing {unknown}


   Skills:
 * Level 3.3 Fighting
 * Level 2.8 Short Blades
 - Level 3.2 Armour
 - Level 3.0 Shields


You had one spell level left.
You didn't know any spells.
Your spell library was empty.

Dungeon Overview and Level Annotations

Branches:
Dungeon (1/15)

Altars:
Sif Muna

Shops:
D:1 :


Innate Abilities, Weirdness & Mutations

You have a beak for a mouth.
You have claws for feet.


Message History

You start putting on your amulet.
You continue putting on your amulet of faith. x5
You finish putting on your amulet of faith.
You feel a surge of divine interest.
j - an amulet of faith (around neck)
An endoplasm comes into view.
The endoplasm quivers.
The endoplasm jiggles.
You hit the endoplasm. You claw the endoplasm.
You kill the endoplasm!
Sif Muna accepts your kill.
f - 2 scrolls labelled JIWIHY VUMAQUFF (gained 1)
Found a mace.
A hobgoblin comes into view.
The hobgoblin shouts!
You barely miss the hobgoblin. You claw the hobgoblin.
The hobgoblin is almost dead.
The hobgoblin hits you.
You barely miss the hobgoblin. Your kick misses the hobgoblin.
The hobgoblin is almost dead.
The hobgoblin hits you.
You hit the hobgoblin.
You kill the hobgoblin!
Sif Muna accepts your kill.
You see here a hobgoblin corpse.
You see here a hobgoblin corpse.
You see here a +0 mace.
f - 3 scrolls labelled JIWIHY VUMAQUFF (gained 1)
You see here a +0 mace.
You see here a hobgoblin corpse.
Found a dagger.
Found a stone staircase leading down.
Found 2 poisoned darts.
You see here 2 poisoned darts.
There is an entrance to Pafe's Book Emporium here.
Unknown command.
Unknown command.
Okay, then.
Unknown command.
Are you sure you want to abandon this character and quit the game? (Confirm with "yes".)
Okay, then.
Are you sure you want to abandon this character and quit the game? (Confirm with "yes".)

# ######## ### ###.
#(..≈≈≈####.... ...
###..≈≈≈≈≈....# #>
#....≈≈@...######## #
##########....≈≈≈≈≈........# ##.
...............≈≈≈....####.####.#
..#.##.####.....#####.# #.##...#
#.......# #.........#.####.##.#.#
#..####.# #.#...###..#...(.....#.
##..#.#.###)#...#####.#........#.
#.#.#..##..............##.###.#)
#.####.#...#)..#####.####.# #.#.


There were no monsters in sight!

Vanquished Creatures
  A dart slug (D:1)
  2 endoplasms (D:1)
  2 goblins (D:1)
  2 hobgoblins (D:1)
  2 bats (D:1)
  A rat (D:1)
10 creatures vanquished.

Notes
Turn   | Place    | Note
-------+----------+-------------------------------------------
     0 | D:1      | suvakkihuora the Tengu Fighter began the quest for the Orb.
     0 | D:1      | Reached XP level 1. HP: 14/14 MP: 2/2
    14 | D:1      | Found a faded altar of an unknown god.
    22 | D:1      | Prayed at the altar of an unknown god.
    22 | D:1      | Became a worshipper of Sif Muna the Loreminder
    22 | D:1      | Reached * piety under Sif Muna
   127 | D:1      | Found Pafe's Book Emporium.
   318 | D:1      | Reached XP level 2. HP: 16/19 MP: 3/3
   826 | D:1      | Quit the game

Illustrated notes

Levels and vault maps discovered:
D:1:      minmay_arrival_arboretum_small, layout_loops_ring, serial_shops,
          nicolae_shop_waterfront, ebering_ecumenical_altar_webs,
          minmay_misc_feat_tiny, minmay_tiny_reverse_x

Action                   || total
-------------------------++-------
Melee: Rapier            ||    23
       Kick              ||     5
       Peck              ||     2
Armor: Scale mail        ||    10
Dodge: Dodged            ||     6
Block: Buckler           ||     4
